 Dungeon Crawl Stone Soup version 0.30-a0-652-gcc886f7154 (webtiles) character file.

Game seed: 1182706669159410307

10087 kae the Geomancer (level 11, -1/90 HPs)
             Began as a Demonspawn Transmuter on Jan 17, 2023.
             Was a Believer of Ru.
             Slain by an orc warrior
             ... wielding a +1 battleaxe of electrocution
              (19 damage)
             ... on level 11 of the Dungeon.
             The game lasted 00:13:45 (12267 turns).

kae the Geomancer (Demonspawn Transmuter)          Turns: 12267, Time: 00:13:46

Health: -1/90      AC:  8    Str: 14    XL:     11   Next: 31%
Magic:  0/20       EV: 10    Int: 16    God:    Ru [**....]
Gold:   144        SH:  0    Dex: 13    Spells: 6/22 levels left

rFire   x . .      SeeInvis .      - Unarmed
rCold   + + +      Faith    .    (shield currently unavailable)
rNeg    . . .      Spirit   +    (body armour currently unavailable)
rPois   +          Reflect  .    (helmet currently unavailable)
rElec   .          Harm     .    (cloak currently unavailable)
rCorr   .          Rampage  .    (gloves currently unavailable)
Will    .....                    (boots currently unavailable)
Stlth   +                        G - amulet of guardian spirit
HPRegen 0.35/turn                C - ring of protection from cold
MPRegen 0.17/turn                P - ring of poison resistance

@: ice-form, wereblooded, very slightly contaminated
A: freezing attack, amphibious, boosted hp, large, (claws 1), (demonic guardian
1), hated by all, (sanguine armour 2), demonic magic 1
a: End Transformation, Renounce Religion


You were on level 11 of the Dungeon.
You worshipped Ru.
Ru was pleased with you.
You were a creature of crystalline ice.
You visited 1 branch of the dungeon, and saw 11 of its levels.

You collected 816 gold pieces.
You spent 672 gold pieces at shops.


Innate Abilities, Weirdness & Mutations

You are a creature of crystalline ice.
You have a powerful freezing melee attack.
You are amphibious.
Your maximum health is increased.
Your armour is entirely melded.
You are incapable of wielding weapons or throwing items.
((You have sharp fingernails.))
((A weak demonic guardian rushes to your aid.))
You are hated by all.
((When seriously injured, your blood forms thick armour. (AC +0)))
Spells you cast may paralyse adjacent enemies.


   Skills:
 - Level 3.0 Fighting
 - Level 1.7 Dodging
 - Level 6.4 Unarmed Combat
 - Level 6.4 Spellcasting
 + Level 8.7 Transmutations
 - Level 6.3 Ice Magic
 + Level 8.7 Earth Magic
 - Level 1.2 Poison Magic


You had 6 spell levels left.
You knew the following spells:

 Your Spells              Type           Power      Damage    Failure   Level
a - Beastly Appendage     Tmut           66%        N/A       1%          1
b - Wereblood             Tmut           33%        N/A       1%          2
c - Spider Form           Tmut/Pois      21%        N/A       5%          3
d - Ice Form              Ice/Tmut       29%        N/A       6%          4
e - Statue Form           Tmut/Erth      22%        N/A       50%         6

Your spell library contained the following spells:

 Spells                   Type           Power      Damage    Failure   Level
 Sting                    Tmut/Pois      84%        1d7       1%          1
 Apportation              Tloc           10%        N/A       13%         1
 Lesser Beckoning         Tloc           10%        N/A       21%         2
 Gell's Gravitas          Tloc           5%         N/A       36%         3
 Inner Flame              Hex/Fire       5%         N/A       36%         3
 Teleport Other           Tloc           5%         N/A       36%         3
 Alistair's Intoxication  Tmut/Pois      14%        N/A       43%         5
 Olgreb's Toxic Radiance  Pois           9%         N/A       63%         4
 Flame Wave               Conj/Fire      5%         2d5       78%         4
 Sticky Flame             Conj/Fire      5%         2d3       78%         4
 Iron Shot                Conj/Erth      9%         9d3       98%         6
 Conjure Ball Lightning   Conj/Air       2%         3x3d6     100%        6
 Dispersal                Tloc           2%         N/A       100%        6
 Ozocubu's Refrigeration  Ice            12%        4d10      100%        7
 Ignition                 Fire           2%         3d3       100%        8
 Animate Dead             Necr           Unusable   N/A       N/A         4
 Death Channel            Necr           Unusable   N/A       N/A         6
 Haunt                    Necr/Summ      Unusable   N/A       N/A         7
 Infestation              Necr           Unusable   N/A       N/A         8

Inventory:

Hand Weapons
 h - a +2 whip of electrocution
   (You found it on level 1 of the Dungeon)
Missiles
 c - 95 stones
 f - 6 boomerangs
 l - 31 poisoned darts
 x - a curare-tipped dart {=f}
 A - 2 throwing nets {=f!f}
 B - 5 javelins
Armour
 a - a +1 robe (melded)
Magical Staves
 o - a staff of poison {!a}
   (You found it on level 2 of the Dungeon)
 r - a staff of fire {!a}
   (You found it on level 3 of the Dungeon)
Jewellery
 C - a ring of protection from cold (left front paw)
   (You found it on level 7 of the Dungeon)
 G - an amulet of guardian spirit (around neck)
   (You found it on level 5 of the Dungeon)
 P - a ring of poison resistance (right front paw)
   (You found it on level 8 of the Dungeon)
 W - a ring of magical power
   (You found it on level 5 of the Dungeon)
Wands
 t - a wand of flame (44)
   (You found it on level 4 of the Dungeon)
 D - a wand of charming (3)
   (You found it on level 9 of the Dungeon)
Scrolls
 b - 2 scrolls of butterflies
 d - 3 scrolls of enchant weapon
 g - 5 scrolls of poison {!r}
 j - 4 scrolls of vulnerability {!r!r}
 n - 2 scrolls of magic mapping {!r}
 p - 2 scrolls of immolation {!r!r}
 v - 2 scrolls of amnesia
 y - a scroll of teleportation {@r4}
 E - a scroll of torment {unknown}
Potions
 e - 12 potions of curing {@q1}
 i - a potion of invisibility
 k - 2 potions of haste {@q3}
 m - 3 potions of degeneration {!q}
 q - 2 potions of attraction {!q}
 s - 2 potions of lignification {!q}
 u - 2 potions of heal wounds {@q2}
 w - 2 potions of flight
 z - 4 potions of mutation {!q}

Dungeon Overview and Level Annotations

Branches:
Dungeon (11/15) Zot: 26840  Temple (0/1) D:6            Lair (0/5) D:10
    Orc (0/2) D:11

Altars:
Cheibriados
Dithmenos
Gozag
Kikubaaqudgha
Qazlal
Ru
Sif Muna
Uskayaw
Vehumet
Xom

Shops:
D:8 :   D:9 **=

Annotations:
D:4 2 transporters, ThereIsNoGod's ghost, amateur OpFi
D:6 4 runed translucent doors, Crazy Yiuf; eyesofgods1's ghost, novice OpHu

#...##...##
##...##.#...
##...).###.## +..
+....)..#..## #..#+#
#..#.#..#..##
#.##.##.#.##.##.#..##
#.#.?.#.#.#...#.#.###
#.#.o.#.#.#...#.#. #
#.##Y##.#.##.##.## #
#..#'#..#..#.#..# #
#.......#......#
##.8.8.###.....#
##.....###....##
#O......#....##
#.............###
####.......####
####>####


You could see a two-headed ogre and an orc warrior.


Message History

Your blood is infused with primal strength.
Malevolent energies surge around you.
The orc warrior suddenly stops moving!
The warg howls!
You warm up again.
Your +1 robe unmelds from your body. 😕 HP[-14] MP[-2]
You now have 75 max hp (-15).
You lost 2 mp, and now have 18/20 mp.
The helpless orc warrior fails to defend itself.
You claw the orc warrior!
You claw the orc warrior, but do no damage.
The helpless orc warrior fails to defend itself.
You scratch the orc warrior but do no damage.
The helpless orc warrior fails to defend itself.
You scratch the orc warrior but do no damage.
The orc warrior is no longer paralysed.
The orc warrior hits you with a +0 trident. 😕 HP[-3] MP[-1]
You take 3 damage, and now have 71/75 hp.
You lost 1 mp, and now have 17/20 mp.
You closely miss the orc warrior.
The orc warrior hits you with a +0 trident.
You closely miss the orc warrior.
The orc warrior hits you with a +0 trident. 😕 HP[-3] MP[-1]
You take 3 damage, and now have 68/75 hp.
You lost 1 mp, and now have 16/20 mp.
You barely miss the orc warrior.
The orc warrior hits you with a +0 trident!
You focus your inner power and illuminate the orc warrior in retribution! 😕 HP[-8] MP[-2]
You take 8 damage, and now have 60/75 hp.
You lost 2 mp, and now have 14/20 mp.
Casting: Wereblood (safe; 1% risk of failure)
Confirm with . or Enter, or press ? or * to list all spells.
The spell is extremely dangerous to miscast (52% risk of failure)!
Continue anyway?
You miscast Statue Form.
You are very lightly contaminated with residual magic.
You feel a surge of energy from the ground.
Your blood congeals into armour.
The orc warrior hits you but does no damage. 😮 HP[-11] MP[-8]
You take 11 damage, and now have 49/75 hp.
You lost 8 mp, and now have 6/20 mp.
Unknown command.
Casting: Statue Form (extremely dangerous; 52% risk of failure)
Confirm with . or Enter, or press ? or * to list all spells.
You turn into a creature of crystalline ice.
Your +1 robe melds into your body.
Malevolent energies surge around you.
Your blood armour dries and flakes away.
The orc warrior hits you with a +0 trident.
The orc warrior hits you with a +0 trident! 😮 HP[+1] MP[-5]
You now have 90 max hp (+15).
You lost 5 mp, and now have 1/20 mp.
You hit the orc warrior. You freeze the orc warrior.
The orc warrior hits you with a +0 trident. 😮 HP[-3]
You take 3 damage, and now have 47/90 hp.
Unknown command.
You punch the orc warrior! You freeze the orc warrior.
You feel a bit better.
You kill the orc warrior! 😮 HP[+2] MP[+1]
You regained 2 hp, and now have 49/90 hp.
You punch the warg! You freeze the warg. The warg closely misses you.
The warg barely misses you.
You punch the warg! You freeze the warg. The warg bites you.
* * * LOW HITPOINT WARNING * * *
😨 HP[-4] MP[-1]
You take 4 damage, and now have 45/90 hp.
You lost 1 mp, and now have 1/20 mp.
You hit the warg. You freeze the warg. The warg bites you but does no damage.
Unknown command.
You hit the warg. You freeze the warg.
You feel a bit better.
You kill the warg!
You howl as the wereblood boils in your veins! 😮 HP[+1]
You punch the warg! You freeze the warg.
You howl as the wereblood boils in your veins!
The warg bites you!
* * * LOW HITPOINT WARNING * * *
The warg misses you. 😨 HP[-9]
You take 9 damage, and now have 37/90 hp.
You barely miss the warg.
You howl as the wereblood boils in your veins!
The warg bites you!
* * * LOW HITPOINT WARNING * * *
😨 HP[-6]
You take 6 damage, and now have 31/90 hp.
You barely miss the warg. The warg closely misses you.
Unknown command.
You hit the warg. You freeze the warg. The warg barely misses you.
A two-headed ogre comes into view.
It is wielding two +0 giant spiked clubs.
You punch the warg! You freeze the warg.
You feel a bit better.
You kill the warg! 😨 HP[+4]
You regained 4 hp, and now have 35/90 hp.
The orc warrior hits you with a +1 battleaxe of electrocution!!
* * * LOW HITPOINT WARNING * * *
You are electrocuted!!
You die...

Skill      XL: |  1  2  3  4  5  6  7  8  9 10 |
---------------+-------------------------------+-----
Transmutations | 2 3 4 5 6 8 |  8.7
Unarmed Combat | 3 4 5 6 |  6.4
Poison Magic   | 1 |  1.2
Spellcasting   | 3 4 6 |  6.4
Ice Magic      | 1 2 3 5 6 |  6.3
Earth Magic    | 8 |  8.7
Fighting       | 3 |  3.0
Dodging        | |  1.7

Action                   |  1- 3 |  4- 6 |  7- 9 | 10-12 || total
-------------------------+-------+-------+-------+-------++-------
Melee: Unarmed           |    14 |    30 |   214 |   249 ||   507
       Whip              |    53 |   104 |     4 |     9 ||   170
       Kick              |    13 |    12 |       |       ||    25
       Headbutt          |     7 |     9 |       |       ||    16
       Punch             |       |     2 |       |     1 ||     3
 Cast: Beastly Appendage |    27 |    26 |       |       ||    53
       Spider Form       |     2 |     6 |     4 |       ||    12
       Ice Form          |       |       |    26 |    21 ||    47
       Wereblood         |       |       |     6 |     4 ||    10
       Statue Form       |       |       |       |     2 ||     2
Invok: Sacrifice Love    |       |       |     1 |       ||     1
       Reject Sacrifices |       |       |       |     1 ||     1
Evoke: Wand              |       |       |     3 |     6 ||     9
  Use: Scroll            |     6 |     8 |     6 |     3 ||    23
       Potion            |     1 |     1 |       |     1 ||     3
 Stab: Sleeping          |     1 |     1 |       |       ||     2
       Invisible         |       |       |     1 |     2 ||     3
       Distracted        |       |       |     1 |     1 ||     2
       Paralysed         |       |       |       |     3 ||     3
Armor: Robe              |    12 |    18 |     1 |     5 ||    36
       Skin              |       |    26 |    61 |    86 ||   173
Dodge: Dodged            |    45 |    84 |   122 |   115 ||   366

Levels and vault maps discovered:
D:1:      minmay_arrival_diagonal_passages, layout_basic,
          minmay_misc_feat_hallway, minmay_misc_feat_nine_boxes,
          dk_noncrumbling_3, minmay_domino_4
D:2:      layout_loops_ring, serial_bayou, serial_bayou_pond_a,
          serial_bayou_lagoon_a, serial_bayou_pond_a, serial_bayou_ford_a
D:3:      layout_basic, dilly_ecumenical_altar_fadedgnrine, uniq_jessica
D:4:      layout_rooms, grunt_temple_overflow_magic_moments,
          nicolae_ru_awakened_eye, jmf_multi_god_temple2,
          gammafunk_ghost_mausoleum
D:5:      layout_basic, mainiacjoe_overflow_alcove_1, grunt_gozag_statues,
          mainiacjoe_overflow_boulevard, minivault_11
D:6:      layout_gridville, minmay_temple_entry_enclosed_plants,
          gammafunk_ghost_necromancy, uniq_crazy_yiuf_cottage, uniq_edmund,
          uniq_duvessa
D:7:      layout_loops_cross, amcnicky_altar_gilded, dk_noncrumbling_4
D:8:      layout_gridville, lemuel_coloured_pillars_altar, serial_shops,
          nicolae_shop_behind_doors, minmay_misc_feat_x, uniq_prince_ribbit1
D:9:      layout_loops_ring, serial_shops, shop, nicolae_specific_store,
          uniq_harold
D:10:     layout_gridville, erik_lair_island, uniq_nergalle, uniq_josephine
D:11:     layout_basic, david_orc_1_choice, nicolae_wu_jian_wuxing_cycle

Notes
Turn   | Place    | Note
-------+----------+-------------------------------------------
     0 | D:1      | kae the Demonspawn Transmuter began the quest for the Orb.
     0 | D:1      | Reached XP level 1. HP: 15/15 MP: 3/3
     0 | D:1      | magus.rc [v1.11.3]
    92 | D:1      | Reached skill level 2 in Transmutations
   198 | D:1      | You pick up a book of Party Tricks and begin reading...
   198 | D:1      | You add the spells Apportation and Alistair's Intoxication
                  | to your library.
   275 | D:1      | Gained mutation: You have sharp fingernails. [demonic
                  | ancestry]
   275 | D:1      | Reached XP level 2. HP: 20/21 MP: 3/5
  1092 | D:2      | Learned a level 2 spell: Wereblood
  1116 | D:1      | Reached skill level 3 in Unarmed Combat
  1116 | D:1      | Reached XP level 3. HP: 26/26 MP: 6/6
  1120 | D:1      | Learned a level 3 spell: Spider Form
  1483 | D:2      | Reached skill level 1 in Poison Magic
  1546 | D:2      | Reached skill level 3 in Transmutations
  1546 | D:2      | Reached XP level 4. HP: 25/32 MP: 4/7
  1875 | D:2      | You add the spells Gell's Gravitas, Teleport Other and
                  | Dispersal to your library.
  1893 | D:2      | You pick up a book of Flames and begin reading...
  1893 | D:2      | You add the spells Inner Flame, Sticky Flame and Flame Wave
                  | to your library.
  2337 | D:3      | You fall into a shaft and drop 1 floor!
  2370 | D:3      | Noticed Jessica
  2377 | D:3      | Killed Jessica
  2378 | D:3      | Gained mutation: When seriously injured, your blood forms
                  | armour. (AC +0) [demonic ancestry]
  2378 | D:3      | Reached XP level 5. HP: 32/37 MP: 2/9
  2637 | D:3      | Noticed a black bear
  2645 | D:3      | Killed a black bear
  2646 | D:3      | Reached skill level 3 in Spellcasting
  2707 | D:3      | Learned a level 4 spell: Ice Form
  2814 | D:3      | Reached skill level 4 in Transmutations
  3074 | D:3      | Found a faded altar of an unknown god.
  3211 | D:4      | Found a transporter.
  3246 | D:4      | Found a large runed translucent door.
  3246 | D:4      | Found a large runed translucent door.
  3285 | D:4      | Found a sacrificial altar of Ru.
  3287 | D:4      | Noticed a phantom
  3303 | D:4      | Killed a phantom
  3304 | D:4      | Reached skill level 1 in Ice Magic
  3304 | D:4      | Reached XP level 6. HP: 37/43 MP: 9/11
  3319 | D:4      | Became a worshipper of Ru the Awakened
  3461 | D:4      | You pick up a book of Displacement and begin reading...
  3478 | D:4      | Found an ancient bone altar of Kikubaaqudgha.
  3479 | D:4      | Found a radiant altar of Vehumet.
  3480 | D:4      | Found a shimmering blue altar of Sif Muna.
  3487 | D:4      | Got Sif Muna's Handbook of Vicissitude
  3522 | D:4      | Noticed ThereIsNoGod's ghost (amateur OpFi)
  3658 | D:4      | Found a transporter.
  3951 | D:4      | Found a shadowy altar of Dithmenos.
  3954 | D:4      | Found a snail-covered altar of Cheibriados.
  4023 | D:5      | Entered Level 5 of the Dungeon
  4037 | D:5      | Found a stormy altar of Qazlal.
  4252 | D:5      | Reached skill level 4 in Unarmed Combat
  4252 | D:5      | Reached skill level 2 in Ice Magic
  4252 | D:5      | Reached XP level 7. HP: 36/48 MP: 7/12
  4512 | D:5      | Found a shimmering altar of Xom.
  4681 | D:5      | Found an opulent altar of Gozag.
  4685 | D:5      | Reached skill level 5 in Transmutations
  5035 | D:5      | Gained mutation: You are hated by all. [Ru sacrifice]
  5035 | D:5      | Reached * piety under Ru
  5035 | D:5      | Reached ** piety under Ru
  5188 | D:5      | Found a stormy altar of Qazlal.
  5204 | D:5      | Found a shimmering altar of Xom.
  5360 | D:5      | Reached skill level 3 in Ice Magic
  5369 | D:5      | HP: 14/57 [gnoll/+0 spear[a gnoll sergeant] (3)]
  5374 | D:5      | HP: 9/57 [gnoll/+0 halberd[a gnoll sergeant] (8)]
  5728 | D:5      | Found an opulent altar of Gozag.
  5854 | D:6      | Noticed Duvessa
  5855 | D:6      | Noticed Dowan
  5872 | D:6      | Killed Duvessa
  5873 | D:6      | Reached skill level 4 in Spellcasting
  5986 | D:6      | Killed Dowan
  6046 | D:6      | Gained mutation: When seriously injured, your blood forms
                  | thick armour. (AC +0) [demonic ancestry]
  6046 | D:6      | Reached XP level 8. HP: 54/54 MP: 14/14
  6076 | D:6      | Identified the +1 chain mail "Rigorch" {Int-3 Dex+4}
  6115 | D:6      | Reached skill level 4 in Ice Magic
  6198 | D:6      | Found a runed translucent gate.
  6198 | D:6      | Found a runed translucent gate.
  6198 | D:6      | Found a runed translucent gate.
  6200 | D:6      | Noticed eyesofgods1's ghost (novice OpHu)
  6214 | D:6      | Noticed Edmund
  6222 | D:6      | Reached skill level 6 in Transmutations
  6235 | D:6      | HP: 12/64 [Edmund/+6 flail of protection (8)]
  6238 | D:6      | Killed Edmund
  6530 | D:6      | Found a staircase to the Ecumenical Temple.
  6719 | D:6      | Reached skill level 5 in Unarmed Combat
  6941 | D:6      | Found a runed translucent door.
  6942 | D:6      | Noticed Crazy Yiuf
  7199 | D:7      | Reached skill level 5 in Ice Magic
  7245 | D:7      | Noticed a hornet
  7254 | D:7      | Killed a hornet
  7255 | D:7      | Gained mutation: A weak demonic guardian rushes to your
                  | aid. [demonic ancestry]
  7255 | D:7      | Reached XP level 9. HP: 59/59 MP: 16/16
  7348 | D:7      | Found a hide-covered altar of Uskayaw.
  7476 | D:7      | Reached skill level 5 in Spellcasting
  7493 | D:7      | Reached skill level 7 in Transmutations
  7736 | D:7      | You add the spells Olgreb's Toxic Radiance, Ozocubu's
                  | Refrigeration and Ignition to your library.
  8232 | D:8      | Reached skill level 6 in Ice Magic
  8693 | D:8      | Noticed a two-headed ogre
  8695 | D:8      | Noticed Prince Ribbit
  8708 | D:8      | HP: 13/70 [two-headed ogre/+0 giant spiked club (15)]
  8710 | D:8      | Killed a two-headed ogre
  8711 | D:8      | Reached skill level 6 in Unarmed Combat
  8711 | D:8      | Reached skill level 6 in Spellcasting
  8711 | D:8      | Reached skill level 8 in Transmutations
  8713 | D:8      | Killed Prince Ribbit
  8895 | D:8      | Found Tonweny's Book Shop.
  8917 | D:8      | Gained mutation: Spells you cast may paralyse adjacent
                  | enemies. [demonic ancestry]
  8917 | D:8      | Reached XP level 10. HP: 65/65 MP: 11/19
  8929 | D:8      | Bought Tabugh's Progressing With Mysticism for 672 gold
                  | pieces
  8929 | D:8      | You add the spells Conjure Ball Lightning, Iron Shot and
                  | Statue Form to your library.
  8936 | D:8      | Learned a level 6 spell: Statue Form
  8993 | D:8      | Reached skill level 1 in Earth Magic
  9132 | D:8      | You pick up a book of Flames and begin reading...
  9217 | D:8      | Reached skill level 2 in Earth Magic
  9433 | D:9      | Found Vegomil's Specific Store.
  9435 | D:9      | Found Matsyuca's General Store.
  9445 | D:9      | Reached skill level 3 in Earth Magic
  9797 | D:9      | Found Antaloe's Jewellery Shoppe.
  9917 | D:9      | Noticed Harold
  9927 | D:9      | Killed Harold
  9928 | D:9      | Reached skill level 5 in Earth Magic
 10217 | D:10     | Entered Level 10 of the Dungeon
 10282 | D:10     | Reached skill level 6 in Earth Magic
 10476 | D:10     | HP: 18/75 [wight/+0 trident (2)]
 10777 | D:10     | Reached skill level 7 in Earth Magic
 10828 | D:10     | Found a staircase to the Lair.
 11206 | D:10     | Reached skill level 8 in Earth Magic
 11472 | D:10     | Noticed Nergalle
 11484 | D:10     | Killed Nergalle
 11485 | D:10     | Reached skill level 3 in Fighting
 11485 | D:10     | Reached XP level 11. HP: 75/75 MP: 12/20
 11718 | D:10     | Noticed Josephine
 11730 | D:10     | Killed Josephine
 12119 | D:11     | Noticed a two-headed ogre
 12126 | D:11     | Killed a two-headed ogre
 12227 | D:11     | Found a staircase to the Orcish Mines.
 12236 | D:11     | You pick up a book of Death and begin reading...
 12265 | D:11     | Noticed a two-headed ogre
 12267 | D:11     | HP: 18/90 [orc warrior/+1 battleaxe of electrocution (17)]
 12267 | D:11     | Slain by an orc warrior

Vanquished Creatures
  Josephine (D:10)
  Harold (D:9)
  2 two-headed ogres
  Nergalle (D:10)
  2 trolls
  Prince Ribbit (D:8)
  2 hornets
  A wyvern (D:10)
  A vampire (D:9)
  3 wraiths (D:10)
  8 yaks
  2 wargs (D:11)
  Edmund (D:6)
  Duvessa (D:6)
  A water moccasin (D:5)
  A sky beast (D:7)
  4 ice beasts
  4 orc warriors
  5 black bears
  A centaur (D:7)
  2 ogres
  2 wolves (D:10)
  3 phantoms
  4 kobold brigands
  2 bullfrogs
  2 necrophages (D:6)
  A gnoll sergeant (D:5)
  8 wights
  Dowan (D:6)
  2 electric eels (D:10)
  A howler monkey (D:9)
  A jelly (D:6)
  5 hounds
  3 orc priests (D:8)
  4 iguanas
  Jessica (D:3)
  6 orc wizards
  13 gnolls
  6 adders
  A white imp (D:7)
  An ufetubus (D:4)
  A worm (D:4)
  8 dart slugs
  20 orcs
  6 endoplasms
  2 giant cockroaches
  4 goblins
  10 hobgoblins
  2 quokkas
  13 ball pythons
  4 bats
  A frilled lizard (D:2)
  27 kobolds
  4 rats
214 creatures vanquished.

Vanquished Creatures (others)
  A gnoll (D:6)
  34 plants (D:2)
35 creatures vanquished.

Grand Total: 249 creatures vanquished

Table legend:
 A = Non-vault XP
 B = Vault XP
 C = Vault XP percentage of total XP
 D = Non-vault monster count
 E = Vault monster count
 F = Vault count percentage of total count
                 A         B        C        D         E       F
            +---------+---------+-------+---------+---------+-------
      Total |    9499 |    4912 |  34.1 |     187 |      28 |  13.0
            +---------+---------+-------+---------+---------+-------
        D:1 |      54 |       6 |  10.0 |      18 |       3 |  14.3
        D:2 |      94 |       0 |   0.0 |      23 |       0 |   0.0
        D:3 |     156 |      37 |  19.2 |      11 |       1 |   8.3
        D:4 |     194 |      41 |  17.4 |      19 |       2 |   9.5
        D:5 |     596 |       0 |   0.0 |      16 |       0 |   0.0
        D:6 |     861 |     384 |  30.8 |      14 |       3 |  17.6
        D:7 |    1330 |       0 |   0.0 |      17 |       0 |   0.0
        D:8 |    2090 |     296 |  12.4 |      25 |       1 |   3.8
        D:9 |     997 |     865 |  46.5 |      15 |       1 |   6.2
       D:10 |    2308 |    2801 |  54.8 |      28 |      12 |  30.0
       D:11 |     819 |     482 |  37.0 |       1 |       5 |  83.3
            +---------+---------+-------+---------+---------+-------

Illustrated notes

Table legend:
 A = Kills in this place as a percentage of kills in entire the game.
 B = Kills by you in this place as a percentage of kills by you in the entire game.
 C = Kills by friends in this place as a percentage of kills by friends in the entire game.
 D = Other kills in this place as a percentage of other kills in the entire game.
 E = Experience gained in this place as a percentage of experience gained in the entire game.
 F = Experience gained in this place divided by the number of levels of this place that you have seen.
                   A       B       C       D       E      F
               +-------+-------+-------+-------+-------+----------------------
         Total | 100.0 | 100.0 |   N/A | 100.0 | 100.0 | 1310.1
       Dungeon | 100.0 | 100.0 |   N/A | 100.0 | 100.0 | 1310.1
               +-------+-------+-------+-------+-------+----------------------

Table legend: (Time is in decaauts)
 A = Elapsed time spent in this place.
 B = Non-inter-level travel time spent in this place.
 C = Inter-level travel time spent in this place.
 D = Time resting spent in this place.
 E = Time spent auto-exploring this place.
 F = Levels seen in this place.
 G = Mean time per level.
                   A        B        C        D        E       F      G
               +--------+--------+--------+--------+--------+-----+--------+
         Total |  12293 |  11990 |    303 |    515 |   9576 |  11 | 1117.5 |
       Dungeon |  12293 |  11990 |    303 |    515 |   9576 |  11 | 1117.5 |
               +--------+--------+--------+--------+--------+-----+--------+

Top non-repeatable levels by time:
     D:5: 1908 daAuts
    D:10: 1756 daAuts
     D:8: 1343 daAuts
     D:6: 1231 daAuts
     D:1: 1172 daAuts
     D:2: 1109 daAuts
     D:9: 1017 daAuts
     D:3: 908 daAuts
     D:4: 876 daAuts
     D:7: 811 daAuts
    D:11: 158 daAuts
